 Dungeon Crawl Stone Soup version 0.31-a0-204-g7da18cac08 (webtiles) character file.

Game seed: 4352764569086354616

16 rabbitsville the Conjurer (level 2, 0/20 HPs)
             Began as a Hill Orc Conjurer on June 27, 2023.
             Slain by a gnoll
             ... wielding a +0 flail
              (4 damage)
             ... on level 1 of the Dungeon.
             The game lasted 00:01:36 (986 turns).

rabbitsville the Conjurer (Hill Orc Conjurer)        Turns: 986, Time: 00:01:37

Health: 0/20       AC:  2    Str:  9    XL:     2   Next: 54%
Magic:  0/4        EV: 11    Int: 18    God:
Gold:   29         SH:  0    Dex:  9    Spells: 3/4 levels left

rFire   . . .        d - staff of cold
rCold   + . .        (no shield)
rNeg    . . .        a - +0 robe
rPois   .            (no helmet)
rElec   .            (no cloak)
rCorr   .            (no gloves)
SInv    .            (no boots)
Will    .....        (no amulet)
Stlth   +            (no ring)
HPRegen 0.23/turn    (no ring)
MPRegen 0.09/turn

%: no passive effects
@: no status effects
A: no striking features
a: no special abilities


You were on level 1 of the Dungeon.
You visited 1 branch of the dungeon, and saw 2 of its levels.

You collected 29 gold pieces.

Inventory:

Armour
 a - a +0 robe (worn)
Magical Staves
 d - a staff of cold (weapon)
Scrolls
 c - 3 scrolls of teleportation {unknown}
 f - 2 scrolls of blinking {unknown}
 g - a scroll of vulnerability {unknown}
 i - a scroll of acquirement {unknown}
Potions
 b - a potion of magic
 e - a potion of might {unknown}
 h - a potion of attraction {unknown}


   Skills:
 - Level 1.5 Dodging
 - Level 1.5 Stealth
 + Level 1.8 Spellcasting
 * Level 4.4 Conjurations


You had 3 spell levels left.
You knew the following spells:

 Your Spells              Type           Power      Damage    Failure   Level
a - Magic Dart            Conj           68%        1d6       3%          1

Your spell library contained the following spells:

 Spells                   Type           Power      Damage    Failure   Level
 Searing Ray              Conj           34%        2d5       4%          2
 Dazzling Flash           Conj/Hex       18%        N/A       22%         3
 Fulminant Prism          Conj/Hex       4%         3d5       58%         4
 Iskenderun's Mystic Bla  Conj/Tloc      9%         2d4       58%         4


Dungeon Overview and Level Annotations

Branches:
Dungeon (2/15)

Altars:


Message History

The magic dart hits the gnoll.
The gnoll is heavily wounded.
The gnoll throws a throwing net.
The throwing net hits you.
You become entangled in the net!
Aiming: Magic Dart (safe; 3% risk of failure)
Press: ? - help, Q - select action Shift-Dir - straight line, f/p - gnoll
Aim: a gnoll, wielding a +0 flail (heavily wounded, 100% to hit)
The magic dart hits the gnoll.
The gnoll is heavily wounded.
You struggle against the net.
You struggle against the net.
You struggle against the net.
You rip the net and break free!
The gnoll closely misses you. The gnoll barely misses you.
The gnoll hits you with a +0 flail.
The gnoll hits you from afar with a +0 halberd.
The gnoll closely misses you.
You climb upwards.
There is a stone staircase leading down here.
The gnoll attacks as you move away! The gnoll hits you with a +0 flail.
Aiming: Magic Dart (safe; 3% risk of failure)
Press: ? - help, Q - select action Shift-Dir - straight line, f - gnoll
Aim: a gnoll, wielding a +0 flail (moderately wounded, 100% to hit)
The magic dart hits the gnoll but does no damage.
The gnoll is moderately wounded.
The gnoll hits you with a +0 flail.
* * * LOW HITPOINT WARNING * * *
Aiming: Magic Dart (safe; 3% risk of failure)
Press: ? - help, Q - select action Shift-Dir - straight line, f/p - gnoll
Aim: a gnoll, wielding a +0 flail (moderately wounded, 100% to hit)
The magic dart hits the gnoll.
The gnoll is heavily wounded.
The gnoll closely misses you.
Aiming: Magic Dart (safe; 3% risk of failure)
Press: ? - help, Q - select action Shift-Dir - straight line, f/p - gnoll
Aim: a gnoll, wielding a +0 flail (heavily wounded, 100% to hit)
The magic dart hits the gnoll but does no damage.
The gnoll is heavily wounded.
The gnoll hits you with a +0 flail.
You die...

##.##.# ....#.# #####.#
......# #############
.###### #...........#
.### #.######....####
...# #.#...........(#
.#.# #.#.####..#....#
.#.######.#.....@.#.#..#
.#.#............g.#.#..#
.#.#.####.######.##.#..#
.#'#+####.........#.#..#
#........#######.##.#..#
.................>..#..#
#........##.##.#..###..#
#........##.##.#....#..#
#........##.#.....#.#..#


You could see a gnoll.

Vanquished Creatures
  A dart slug (D:1)
  2 bats (D:1)
  An endoplasm (D:1)
  A giant cockroach (D:1)
  A goblin (D:1)
  A quokka (D:1)
  A ball python (D:1)
  A frilled lizard (D:1)
  2 kobolds (D:1)
  3 rats (D:1)
14 creatures vanquished.

Notes
Turn   | Place    | Note
-------+----------+-------------------------------------------
     0 | D:1      | rabbitsville the Hill Orc Conjurer began the quest for the
                  | Orb.
     0 | D:1      | Reached XP level 1. HP: 14/14 MP: 3/3
   471 | D:1      | Reached XP level 2. HP: 20/20 MP: 1/4
   986 | D:1      | Slain by a gnoll

Illustrated notes

Levels and vault maps discovered:
D:1:      tarquinn_simple_flora_water_d, layout_basic
D:2:      layout_rooms, minmay_joined_circles

Action                     || total
---------------------------++-------
  Melee: Staff             ||     2
   Cast: Magic Dart        ||    31
 Armour: Robe              ||     3
  Dodge: Dodged            ||    11

Table legend: (Time is in decaauts)
 A = Elapsed time spent in this place.
 B = Non-inter-level travel time spent in this place.
 C = Inter-level travel time spent in this place.
 D = Time resting spent in this place.
 E = Time spent auto-exploring this place.
 F = Levels seen in this place.
 G = Mean time per level.
                   A        B        C        D        E       F      G
               +--------+--------+--------+--------+--------+-----+--------+
         Total |    986 |    970 |     16 |      0 |    846 |   2 |  493.0 |
       Dungeon |    986 |    970 |     16 |      0 |    846 |   2 |  493.0 |
               +--------+--------+--------+--------+--------+-----+--------+

Top non-repeatable levels by time:
     D:1: 978 daAuts
     D:2: 7 daAuts
